 Dungeon Crawl Stone Soup version 0.31-a0-924-ge39a22a033 (webtiles) character file.

Game seed: 15004621655934103819

1236 Gladio the Grappler (level 8, -7/70 HPs)
             Began as a Ghoul Gladiator on Oct 18, 2023.
             Was a Follower of Ashenzari.
             Mangled by a wight
             ... wielding a +2 falchion of electrocution
              (14 damage)
             ... on level 8 of the Dungeon.
             The game lasted 00:07:47 (3903 turns).

Gladio the Grappler (Ghoul Gladiator)               Turns: 3903, Time: 00:07:52

Health: -7/70      AC: 11    Str: 20    XL:     8   Next: 49%
Magic:  7/7        EV:  9    Int:  3    God:    Ashenzari [*.....]
Gold:   326        SH:  0    Dex: 10    Spells: 7/7 levels left

rFire   . .          .
                       - Unarmed
rCold   + . .        (no shield)
rNeg    + + +        y - +0 chain mail
rPois   ∞            b - +0 helmet of Apeoromancy {Dev, Alch} (curse)
rElec   .            (no cloak)
rCorr   +            (no gloves)
SInv    .            q - +0 pair of boots of Ashenzari's Repose {Bglg, Dev} (curse)
Will    .....        (no amulet) Stlth
                     w - ring of resist corrosion
HPRegen 0.00/turn    (no ring)
MPRegen 0.10/turn

%: no passive effects
@: inhibited regen
A: claws 1, cold resistance 1, negative energy resistance 3, inhibited
regeneration, torment resistance 2, devour on kill
a: Renounce Religion, Shatter the Chains


You were on level 8 of the Dungeon.
You worshipped Ashenzari.
Ashenzari was aware of your devotion.
You visited 2 branches of the dungeon, and saw 7 of its levels.

You collected 326 gold pieces.

Inventory:

Missiles
 c - 3 throwing nets (quivered)
 d - 9 javelins
 h - 12 poisoned darts
 x - 3 boomerangs
Armour
 a - a +0 leather armour
 b - the cursed +0 helmet of Apeoromancy (worn) {Dev, Alch}

   It has a curse which improves the following skills: Devices: Evocations.
   Alchemy:   Poison Magic and Transmutations.
 k - a +0 scale mail
 q - the cursed +0 pair of boots of Ashenzari's Repose (worn) {Bglg, Dev}
   (You found it on level 2 of the Dungeon)

   It has a curse which improves the following skills: Beguiling: Conjurations,
   Hexes and Translocations.
   Devices:   Evocations.
 y - a +0 chain mail (worn)
Jewellery
 l - a ring of flight
 w - a ring of resist corrosion (left claw)
Scrolls
 e - a scroll of brand weapon
 f - a scroll of enchant armour
 g - a scroll of blinking
 i - 3 scrolls of amnesia
 s - 3 scrolls of fog
 t - a scroll of vulnerability
 u - 2 scrolls of enchant weapon
 v - a scroll of poison
 z - a scroll of butterflies
 A - a scroll of silence
 C - a scroll of fear
 D - a scroll of revelation
Potions
 j - 2 potions of heal wounds
 m - 3 potions of magic
 n - a potion of haste
 o - 2 potions of curing
 p - a potion of ambrosia
 r - a potion of attraction
 B - a potion of mutation


   Skills:
 + Level 5.8 Fighting
 - Level 2.0 Throwing
 + Level 4.1 Armour
 - Level 2.9 Dodging
 * Level 8.3 Unarmed Combat


You had 7 spell levels left.
You didn't know any spells.
Your spell library contained the following spells:

 Spells                   Type           Power      Damage    Failure   Level
 Cigotuvi's Dreadful Rot  Necr/Pois/Air  0%         N/A       100%        2
 Scorch                   Fire           0%         2d5       100%        2
 Ignite Poison            Fire/Tmut/Pois 0%         N/A       100%        3
 Ozocubu's Armour         Ice            0%         N/A       100%        3
 Flame Wave               Conj/Fire      0%         2d4       100%        4
 Freezing Cloud           Conj/Ice/Air   0%         6-21      100%        5
 Summon Cactus Giant      Summ           0%         N/A       100%        6
 Ozocubu's Refrigeration  Ice            0%         4d7       100%        7


Dungeon Overview and Level Annotations

Branches:
Dungeon (5/15)             Temple (1/1) D:5

Altars:
Ashenzari
Cheibriados
Dithmenos
Gozag
Kikubaaqudgha
Makhleb
Nemelex Xobeh
Okawaru
Sif Muna
Trog
Uskayaw
Yredelemnul

Annotations:
D:5 Grinder


Innate Abilities, Weirdness & Mutations

You are immune to poison.
You have sharp fingernails.
Your flesh is cold resistant. (rC+)
You are immune to negative energy. (rN+++)
You do not regenerate when monsters are visible.
You are immune to unholy pain and torment.
You thrive by killing the living.


Message History

You are too injured to fight recklessly!
You are too injured to fight recklessly!
You are too injured to fight recklessly!
You are too injured to fight recklessly!
You are too injured to fight recklessly!
You are too injured to fight recklessly!
You are too injured to fight recklessly!
You are too injured to fight recklessly!
You are too injured to fight recklessly!
You are too injured to fight recklessly!
You are too injured to fight recklessly!
You are too injured to fight recklessly!
You are too injured to fight recklessly!
You are too injured to fight recklessly!
You are too injured to fight recklessly!
You closely miss the wight.
The wight is heavily damaged.
The wight barely misses you. The wight hits you but does no damage.
You are electrocuted!
* * * LOW HITPOINT WARNING * * *
You scratch the wight.
The wight is heavily damaged.
The wight hits you with a +0 flail of venom.
* * * LOW HITPOINT WARNING * * *
The wight closely misses you.
You scratch the wight.
The wight is severely damaged.
The wight hits you with a +0 flail of venom.
* * * LOW HITPOINT WARNING * * *
You closely miss the wight.
The wight is severely damaged.
The wight barely misses you.
You closely miss the wight. You claw the wight, but do no damage.
The wight is severely damaged.
The wight hits you with a +0 flail of venom.
* * * LOW HITPOINT WARNING * * *
The wight hits you with a +2 falchion of electrocution.
* * * LOW HITPOINT WARNING * * *
You are electrocuted!
You die...

.. ...##.#.#.# .
...##.#.#.#####
#.#..##..........
.#..##.....#####
.$.#.......#
#.##.......#
#.##.......#
#.........##
#####)@..##
.......zz......#
.........<..##.#
...#.##........
.#..# #...#.##.#
... ......# # ...
#...### .# #....


You could see 2 wights.

Vanquished Creatures
  Sigmund (D:3)
  Menkaure (D:5)
  A water moccasin (D:4)
  A black bear (D:5)
  An ice beast (D:5)
  An ogre (D:4)
  A scorpion (D:5)
  A wight (D:8)
  2 jellies
  An orc priest (D:4)
  A hound (D:5)
  Natasha (thrice) (D:3)
  3 orc wizards (D:4)
  4 gnolls (D:5)
  7 adders
  2 worms
  A dart slug (D:2)
  10 orcs
  9 ball pythons
  9 bats
  5 endoplasms
  A giant cockroach (D:4)
  12 goblins
  10 hobgoblins
  A quokka (D:4)
  3 frilled lizards
  8 kobolds
  4 rats
104 creatures vanquished.

Notes
Turn   | Place    | Note
-------+----------+-------------------------------------------
     0 | D:1      | Gladio the Ghoul Gladiator began the quest for the Orb.
     0 | D:1      | Reached XP level 1. HP: 17/17 MP: 0/0
   106 | D:1      | Reached XP level 2. HP: 10/25 MP: 1/1
   738 | D:2      | Reached XP level 3. HP: 30/30 MP: 2/2
   837 | D:2      | Reached skill level 4 in Unarmed Combat
   961 | D:2      | Reached XP level 4. HP: 38/38 MP: 3/3
   974 | D:2      | Reached skill level 1 in Armour
  1414 | D:3      | Noticed Natasha
  1419 | D:3      | Killed Natasha
  1488 | D:3      | Noticed Natasha
  1495 | D:3      | Reached XP level 5. HP: 45/45 MP: 4/4
  1497 | D:3      | Killed Natasha
  1573 | D:3      | Noticed Natasha
  1576 | D:3      | Noticed Sigmund
  1580 | D:3      | Killed Natasha
  1581 | D:3      | Reached skill level 5 in Unarmed Combat
  1602 | D:3      | Killed Sigmund
  1603 | D:3      | Reached XP level 6. HP: 23/52 MP: 5/5
  1717 | D:3      | Found an opulent altar of Gozag.
  1955 | D:3      | Found an ancient bone altar of Kikubaaqudgha.
  2117 | D:3      | Found a broken altar of Ashenzari.
  2220 | D:3      | Became a worshipper of Ashenzari the Shackled
  2352 | D:4      | Noticed a water moccasin
  2377 | D:4      | Killed a water moccasin
  2378 | D:4      | Reached skill level 6 in Unarmed Combat
  2378 | D:4      | Reached XP level 7. HP: 42/60 MP: 6/6
  2863 | D:4      | Reached skill level 7 in Unarmed Combat
  3006 | D:4      | Found a shimmering blue altar of Sif Muna.
  3155 | D:4      | Found a basalt altar of Yredelemnul.
  3328 | D:5      | Entered Level 5 of the Dungeon
  3339 | D:5      | Reached skill level 5 in Fighting
  3420 | D:5      | Noticed Menkaure
  3424 | D:5      | Killed Menkaure
  3425 | D:5      | Reached XP level 8. HP: 69/69 MP: 7/7
  3616 | D:5      | Found a staircase to the Ecumenical Temple.
  3635 | D:5      | Reached skill level 8 in Unarmed Combat
  3637 | Temple   | Entered the Ecumenical Temple
  3866 | D:5      | Noticed Grinder
  3867 | D:5      | You fall into a shaft and drop 3 floors!
  3883 | D:8      | Reached * piety under Ashenzari
  3903 | D:8      | Mangled by a wight

Illustrated notes

Levels and vault maps discovered:
D:1:      matt_arrival_refuge, layout_rooms, minmay_pentomino_p4
D:2:      layout_basic, minmay_goblin_outpost
D:3:      layout_loops_ring, old_standard_altar, kiku_gazebo_garden_becter,
          nicolae_ashenzari_panopticon, uniq_sigmund, uniq_natasha
D:4:      layout_basic, kennysheep_ying_yang, mainiacjoe_overflow_alcove_4,
          st_stairs_4, minmay_misc_feat_pillars
D:5:      layout_loops_ring, minmay_temple_entry_offerings, uniq_menkaure,
          uniq_grinder
D:8:      layout_loops_ring, nicolae_qazlal_style_of_elements,
          mainiacjoe_overflow_tiny_flanked, minmay_increasing_density
Temple:   nicolae_temple_figure_zero

Skill      XL: |  1  2  3  4  5  6  7  8 |
---------------+-------------------------+-----
Throwing       | 2 |  2.0
Unarmed Combat | 4 5 6 7 8 |  8.3
Fighting       | 3 4 5 |  5.8
Armour         | 1 2 3 4 |  4.1
Dodging        | |  2.9

Action                     |  1- 3 |  4- 6 |  7- 9 || total
---------------------------+-------+-------+-------++-------
  Melee: Unarmed           |    83 |   107 |   146 ||   336
         Punch             |     1 |       |     7 ||     8
 Invoke: Curse Item        |       |       |     2 ||     2
    Use: Scroll            |       |     3 |       ||     3
         Potion            |       |     1 |     1 ||     2
 Armour: Leather armour    |    30 |       |       ||    30
         Scale mail        |    22 |    74 |    36 ||   132
         Chain mail        |       |       |    67 ||    67
  Dodge: Dodged            |    44 |    39 |    59 ||   142

Table legend: (Time is in decaauts)
 A = Elapsed time spent in this place.
 B = Non-inter-level travel time spent in this place.
 C = Inter-level travel time spent in this place.
 D = Time resting spent in this place.
 E = Time spent auto-exploring this place.
 F = Levels seen in this place.
 G = Mean time per level.
                   A        B        C        D        E       F      G
               +--------+--------+--------+--------+--------+-----+--------+
         Total |   3877 |   3614 |    263 |      0 |   2860 |   7 |  553.9 |
       Dungeon |   3849 |   3612 |    237 |      0 |   2860 |   6 |  641.5 |
        Temple |     27 |      1 |     26 |      0 |      0 |   1 |   27.0 |
               +--------+--------+--------+--------+--------+-----+--------+

Top non-repeatable levels by time:
     D:4: 1017 daAuts
     D:3: 1005 daAuts
     D:1: 709 daAuts
     D:2: 579 daAuts
     D:5: 503 daAuts
     D:8: 33 daAuts
  Temple: 27 daAuts
